 Dungeon Crawl Stone Soup version 0.31-a0-152-g6aa68a64a1 (webtiles) character file.

Game seed: 6327507338199602555

84 qw the Shooter (level 4, -10/38 HPs)
             Began as a Minotaur Hunter on June 10, 2023.
             Mangled by a gnoll
             ... wielding a +0 flail
              (13 damage)
             ... on level 3 of the Dungeon.
             The game lasted 00:00:39 (1677 turns).

qw the Shooter (Minotaur Hunter)                    Turns: 1677, Time: 00:00:40

Health: -10/38     AC:  3    Str: 16    XL:     4   Next: 23%
Magic:  3/3        EV: 12    Int:  6    God:
Gold:   90         SH:  0    Dex: 15    Spells: 3/3 levels left

rFire   . . .        Y - +0 shortbow
rCold   . . .        (shield currently unavailable)
rNeg    . . .        f - +0 leather armour {rPois}
rPois   +            (helmet restricted)
rElec   .            (no cloak)
rCorr   .            (no gloves)
SInv    .            (no boots)
Will    .....        h - amulet of the acrobat
Stlth   +            (no ring)
HPRegen 0.26/turn    (no ring)
MPRegen 0.08/turn

%: acrobat
@: no status effects
A: horns 2, retaliatory headbutt
a: no special abilities


You were on level 3 of the Dungeon.
You visited 1 branch of the dungeon, and saw 3 of its levels.

You collected 90 gold pieces.


Innate Abilities, Weirdness & Mutations

You have a pair of horns on your head.
You reflexively headbutt those who attack you in melee.


   Skills:
 + Level 3.2 Fighting
 - Level 6.0 Ranged Weapons
 - Level 2.1 Dodging
 - Level 0.7 Stealth


You had 3 spell levels left.
You didn't know any spells.
Your spell library was empty.

Inventory:

Hand Weapons
 Y - a +0 shortbow (weapon)
Armour
 d - a +0 pair of gloves
 f - a +0 leather armour of poison resistance (worn)
 i - a +0 ring mail
Jewellery
 h - an amulet of the acrobat (around neck)
Scrolls
 a - 4 scrolls of identify
 b - a scroll of enchant armour {unknown}
 e - a scroll of amnesia {unknown}
Potions
 c - a potion of curing

Dungeon Overview and Level Annotations

Branches:
Dungeon (3/15)

Altars:


Message History

The gnoll shouts!
Enter note:
Enter note:
Enter note:
Enter note: You shoot an arrow.
The arrow barely misses the gnoll.
You shoot an arrow. The arrow closely misses the gnoll.
You shoot an arrow. The arrow closely misses the gnoll.
A gnoll comes into view. It is wielding a +0 whip.
You shoot an arrow. The arrow closely misses the gnoll.
The gnoll shouts!
You shoot an arrow. The arrow hits the gnoll.
The gnoll is lightly wounded.
The gnoll closely misses you.
The gnoll hits you from afar with a +0 halberd!
You shoot an arrow. The arrow barely misses the gnoll.
A gnoll comes into view. It is wielding a +0 flail.
The gnoll hits you from afar with a +0 halberd!
You shoot an arrow. The arrow barely misses the gnoll.
The gnoll shouts!
The gnoll misses you.
You shoot an arrow. The arrow completely misses the gnoll.
The gnoll barely misses you.
You shoot an arrow. The arrow barely misses the gnoll.
The arrow hits the gnoll.
The gnoll is severely wounded.
The gnoll misses you.
You shoot an arrow.
The arrow hits the gnoll but does no damage.
The gnoll hits you with a +0 whip! The gnoll barely misses you.
You shoot an arrow. The arrow barely misses the gnoll.
The gnoll closely misses you. x2
You shoot an arrow. The arrow barely misses the gnoll.
The gnoll hits you with a +0 whip. The gnoll misses you.
You shoot an arrow. The arrow barely misses the gnoll.
The gnoll closely misses you. The gnoll misses you.
The gnoll hits you from afar with a +0 halberd!
You shoot an arrow. The arrow hits the gnoll.
The gnoll is heavily wounded.
The gnoll hits you with a +0 flail!
You die...

##### ....###
#.....#
#.....###
##........
...g..# #
#gg...#
#.#.##@###
#........#
#..##.)#.#
#......#.#
#......#.#
###..####.# ..
..........# ...
.###.###.#####.#
#.......####


You could see 3 gnolls.

Vanquished Creatures
  2 adders
  A dart slug (D:3)
  A worm (D:2)
  5 ball pythons
  3 endoplasms
  3 giant cockroaches (D:1)
  6 goblins
  5 hobgoblins
  7 jackals (D:1)
  7 kobolds
  2 quokkas (D:1)
  6 bats
  A frilled lizard (D:2)
  5 rats
54 creatures vanquished.

Notes
Turn   | Place    | Note
-------+----------+-------------------------------------------
     0 | D:1      | qw the Minotaur Hunter began the quest for the Orb.
     0 | D:1      | Reached XP level 1. HP: 18/18 MP: 0/0
     0 | D:1      | 0 ||| qw: Version: 0.2-a-122-gbc61b45
     0 | D:1      | 0 ||| qw: Game counter: 3569
     0 | D:1      | 0 ||| qw: Always use a shield: true
     0 | D:1      | 0 ||| qw: God list: Okawaru
     0 | D:1      | 0 ||| qw: Allow faded altars: false
     0 | D:1      | 0 ||| qw: Do Orc after D:15 true
     0 | D:1      | 0 ||| qw: Do second Lair branch before Depths: true
     0 | D:1      | 0 ||| qw: Lair rune preference: random
     0 | D:1      | 0 ||| qw: Plans: Normal
     0 | D:1      | 0 ||| PLANNING D:1-11
   100 | D:1      | Reached XP level 2. HP: 23/25 MP: 1/1
   108 | D:1      | Reached skill level 5 in Ranged Weapons
   346 | D:1      | Reached skill level 3 in Fighting
   559 | D:1      | Reached XP level 3. HP: 31/31 MP: 2/2
   746 | D:1      | 746 ||| UPGRADING to +0 leather armour of poison
                  | resistance.
   756 | D:1      | 756 ||| DROPPING +0 leather armour.
   757 | D:1      | 757 ||| UPGRADING to amulet of the acrobat.
   762 | D:1      | 762 ||| READING 4 scrolls labelled WURIRONLAI.
   763 | D:1      | 763 ||| READING scroll labelled PODGHI UQIDUID.
   764 | D:1      | 764 ||| READING scroll labelled TIESUK ONAAKK.
   767 | D:1      | 767 ||| DROPPING scroll of butterflies.
  1279 | D:2      | Found a faded altar of an unknown god.
  1301 | D:2      | 1301 ||| READING 2 scrolls labelled ARORAST ZEHAUD.
  1302 | D:2      | 1302 ||| DRINKING 2 white potions.
  1303 | D:2      | 1303 ||| READING 4 scrolls of identify.
  1303 | D:2      | 1303 ||| IDENTIFYING red potion
  1304 | D:2      | 1304 ||| DROPPING scroll of fog.
  1305 | D:2      | 1305 ||| DROPPING potion of lignification.
  1455 | D:3      | Reached skill level 6 in Ranged Weapons
  1455 | D:3      | Reached XP level 4. HP: 38/38 MP: 3/3
  1676 | D:3      | HP: 3/38 [gnoll/+0 halberd (10)]
  1677 | D:3      | Mangled by a gnoll

Levels and vault maps discovered:
D:1:      evilmike_arrival_plus, layout_loops_ring, serial_park_tiny_1,
          dk_noncrumbling_3, nicolae_concentric_dashed_squares_wild
D:2:      layout_basic, hellmonk_ecumenical_altar_run_dry, grunt_ministairs_3
D:3:      layout_loops_cross, minmay_statues_item

Skill      XL: |  1  2  3 |
---------------+----------+-----
Ranged Weapons | 5 6 |  6.0
Fighting       | 3 |  3.2
Dodging        | |  2.1
Stealth        | |  0.7

Action                     |  1- 3 |  4- 6 || total
---------------------------+-------+-------++-------
   Fire: Shortbow          |   124 |    27 ||   151
    Use: Scroll            |     5 |       ||     5
         Potion            |     1 |       ||     1
 Armour: Leather armour    |    19 |       ||    19
  Dodge: Dodged            |    44 |    12 ||    56

Table legend:
 A = Non-vault XP
 B = Vault XP
 C = Vault XP percentage of total XP
 D = Non-vault monster count
 E = Vault monster count
 F = Vault count percentage of total count
                 A         B        C        D         E       F
            +---------+---------+-------+---------+---------+-------
      Total |     104 |      16 |  13.3 |      52 |       2 |   3.7
            +---------+---------+-------+---------+---------+-------
        D:1 |      41 |       0 |   0.0 |      22 |       0 |   0.0
        D:2 |      28 |      16 |  36.4 |      17 |       2 |  10.5
        D:3 |      35 |       0 |   0.0 |      13 |       0 |   0.0
            +---------+---------+-------+---------+---------+-------
